 Dungeon Crawl Stone Soup version 0.31-a0-532-g28f74ba3e5 (webtiles) character file.

Game seed: 8314939094057833996

263033 quinnr the Cloud Mage (level 20, -17/131 HPs)
             Began as a Tengu Air Elementalist on Aug 12, 2023.
             Was the Champion of Vehumet.
             Demolished by a vampire knight
             ... wielding a +2 great sword
              (30 damage)
             ... while paralysed by a vampire knight
             ... on level 2 of the Depths.
             The game lasted 01:58:12 (58838 turns).

quinnr the Cloud Mage (Tengu Air Elementalist)     Turns: 58838, Time: 01:58:13

Health: -17/131    AC: 12    Str: 12    XL:     20   Next: 1%
Magic:  16/37      EV:  2    Int: 29    God:    Vehumet [******]
Gold:   1923       SH:  0    Dex: 21    Spells: 2/43 levels left

rFire   . . .        Y - staff "Rodusage" {rElec Stlth+ Air, !a}
rCold   . . .        m - sphere of Battle
rNeg    . . .        s - +2 leather armour of the Wasteland {rCorr Str+4}
rPois   +            (helmet restricted)
rElec   +            V - +2 cloak {rCorr}
rCorr   +            q - +2 pair of gloves
SInv    .            (boots unavailable)
Will    +....        U - amulet of the acrobat
Stlth   ++++++       E - ring "Lej Qus" {rPois Int+4 Dex+6 Stlth+}
HPRegen 0.41/turn    j - ring of the Mage {Wiz Archmagi}
MPRegen 0.25/turn

%: acrobat, wizardry (x1), archmagi
@: paralysed, flying quickly and evasively, studying Ice Magic, quick
A: beak, talons 3, nimble flight
}: 2/15 runes: decaying, serpentine
a: Renounce Religion


You were on level 2 of the Depths.
You worshipped Vehumet.
Vehumet was exalted by your worship.
You visited 8 branches of the dungeon, and saw 34 of its levels.
You also visited: Gauntlet and Ice Cave.

You collected 4023 gold pieces.
You spent 2100 gold pieces at shops.


Innate Abilities, Weirdness & Mutations

You have a beak for a mouth.
You have claws for feet.
Your magical nature lets you fly swiftly and evasively.


   Skills:
 - Level 16.0 Fighting
 - Level 6.0 Armour
 - Level 16.0 Dodging
 - Level 7.0 Stealth
 - Level 5.0 Shields
 - Level 12.0 Spellcasting
 - Level 9.0 Conjurations
 - Level 8.0 Hexes
 - Level 6.0 Fire Magic
 - Level 12.0 Ice Magic
 + Level 21.8 Air Magic
 - Level 4.0 Evocations


You had 2 spell levels left.
You knew the following spells:

 Your Spells              Type           Power      Damage    Failure   Level
a - Airstrike             Air            85%        2d(13-29) 0%          4
e - Ensorcelled Hibernat  Hex/Ice        100%       N/A       1%          2
f - Freezing Cloud        Conj/Ice/Air   73%        6-21      1%          5
i - Swiftness             Air            100%       N/A       0%          3
m - Maxwell's Capacitive  Air            85%        ∞         1%          8
p - Poisonous Vapours     Pois/Air       100%       N/A       1%          2
t - Static Discharge      Conj/Air       100%       2-7/arc   0%          2
X - Plasma Beam           Fire/Air       73%        2x1d90    1%          6
Y - Hailstorm             Conj/Ice       100%       3d20      1%          3
Z - Conjure Ball Lightni  Conj/Air       75%        3x3d28    1%          6

Your spell library contained the following spells:

 Spells                   Type           Power      Damage    Failure   Level
 Chain Lightning          Conj/Air       75%        3d100     50%         9
 Polar Vortex             Ice            57%        12d7*     89%         9
 Fire Storm               Conj/Fire      47%        8d12      100%        9
 Shock                    Conj/Air       100%       1d9       0%          1
 Foxfire                  Conj/Fire      100%       2x1d9     1%          1
 Freeze                   Ice            100%       1d10      1%          1
 Magic Dart               Conj           100%       1d8       1%          1
 Sting                    Tmut/Pois      68%        1d6       1%          1
 Cigotuvi's Dreadful Rot  Necr/Pois/Air  100%       N/A       1%          2
 Momentum Strike          Conj/Tloc      100%       3d10      1%          2
 Scorch                   Fire           100%       2d9       1%          2
 Searing Ray              Conj           100%       2d8       1%          2
 Blink                    Tloc           34%        N/A       2%          2
 Call Imp                 Summ           34%        N/A       2%          2
 Lesser Beckoning         Tloc           34%        N/A       2%          2
 Sublimation of Blood     Necr           17%        N/A       2%          2
 Wereblood                Tmut           17%        N/A       2%          2
 Frozen Ramparts          Ice            100%       1d16      1%          3
 Ignite Poison            Fire/Tmut/Pois 60%        N/A       1%          3
 Inner Flame              Hex/Fire       92%        N/A       1%          3
 Mephitic Cloud           Conj/Pois/Air  100%       N/A       1%          3
 Stone Arrow              Conj/Erth      100%       3d13      1%          3
 Vhi's Electric Charge    Tloc/Air       100%       N/A       1%          3
 Cause Fear               Hex            29%        N/A       1%          4
 Flame Wave               Conj/Fire      95%        2d20      1%          4
 Fulminant Prism          Conj/Hex       50%        3d22      1%          4
 Summon Ice Beast         Ice/Summ       51%        N/A       1%          4
 Arcjolt                  Conj/Air       75%        1d85      1%          5
 Fireball                 Conj/Fire      47%        3d19      1%          5
 Anguish                  Hex/Necr       20%        N/A       2%          4
 Yara's Violent Unravell  Hex/Tmut       37%        3d15      2%          5
 Starburst                Conj/Fire      47%        6d13      3%          6
 Gell's Gravitas          Tloc           17%        N/A       4%          3
 Teleport Other           Tloc           17%        N/A       4%          3
 Animate Armour           Summ/Erth      34%        N/A       16%         4
 Animate Dead             Necr           17%        N/A       16%         4
 Manifold Assault         Tloc           17%        N/A       16%         4
 Simulacrum               Ice/Necr       25%        N/A       19%         6
 Borgnjor's Vile Clutch   Necr/Erth      8%         N/A       38%         5
 Enfeeble                 Hex            29%        N/A       41%         7
 Dispersal                Tloc           8%         N/A       89%         6
 Summon Cactus Giant      Summ           8%         N/A       89%         6
 Lehudib's Crystal Spear  Conj/Erth      39%        10d10     95%         8
 Disjunction              Tloc           8%         N/A       100%        8
 Dragon's Call            Summ           8%         N/A       100%        9

Inventory:

Hand Weapons
 t - a +5 dagger of venom
Missiles
 i - a throwing net {=f}
 Z - 2 darts of dispersal {=f}
Armour
 m - the sphere of Battle (worn)
   (You bought it in a shop on level 2 of the Orcish Mines)

   Battle:    It summons a battlesphere in combat, with strength depending on
   Conjurations skill.
   Destructive: It enhances your destructive magic, and weakens non-destructive
   magic.
 q - a +2 pair of gloves (worn)
 s - the +2 leather armour of the Wasteland (worn) {rCorr Str+4}
   (You found it in an ice cave)

   Str+4:     It affects your strength (+4).
   rCorr:     It protects you from acid and corrosion.
 I - a +0 buckler of cold resistance
 V - a +2 cloak of preservation (worn)
 X - the +4 robe of Folly {Brill Will-∞ Int+8}
   (You found it in a Gauntlet)

   Brill:     It increases the power of your magical spells and halves their MP
   cost (rounding up).
   Will-∞: It reduces your willpower to zero.
   Int+8:     It affects your intelligence (+8).
Magical Staves
 k - a staff of cold {!a}
 Y - the staff "Rodusage" (weapon) {rElec Stlth+ Air, !a}
   (You found it on level 2 of the Swamp)

   [staff of air]

   Base accuracy: +5 Base damage: 5 Base attack delay: 1.2 This weapon's minimum
   attack delay (0.6) is reached at skill level 12.
   rElec:     It insulates you from electricity.
   Stlth+:    It makes you more stealthy.
   Air:       It increases the power of your Air spells.
   It falls into the 'Staves' category.
   It is a one-handed weapon.
Jewellery
 j - the ring of the Mage (right hand) {Wiz Archmagi}
   (You found it on level 2 of the Dungeon)

   [ring of wizardry]

   Wiz:       It improves your spell success rate.
   Archmagi:  It increases the power of your magical spells.
 p - an amulet of magic regeneration
 C - the ring of Oskojag {rN+ Int+6}
   (You found it in a Gauntlet)

   [ring of positive energy]

   Int+6:     It affects your intelligence (+6).
   rN+:       It protects you from negative energy.
 E - the ring "Lej Qus" (left hand) {rPois Int+4 Dex+6 Stlth+}
   (You found it on level 10 of the Dungeon)

   [ring of dexterity]

   Int+4:     It affects your intelligence (+4).
   Dex+6:     It affects your dexterity (+6).
   rPois:     It protects you from poison Stlth+: It makes you more stealthy.
 F - a ring of fire
 U - an amulet of the acrobat (around neck)
 W - a ring of willpower
Wands
 v - a wand of flame (25)
 y - a wand of roots (16)
 G - a wand of polymorph (36)
 H - a wand of paralysis (26)
 K - a wand of acid (6)
 Q - a wand of mindburst (19)
Scrolls
 a - 13 scrolls of identify {@r1}
 e - 5 scrolls of amnesia
 f - 2 scrolls of revelation
 h - 12 scrolls of teleportation {@r2}
 r - 4 scrolls of enchant armour
 u - 5 scrolls of poison
 w - a scroll of enchant weapon
 z - a scroll of brand weapon
 B - 3 scrolls of immolation
 D - 4 scrolls of fog
 R - a scroll of butterflies
 S - 9 scrolls of fear
Potions
 b - 4 potions of magic
 c - 7 potions of haste {@q3}
 g - 5 potions of brilliance
 l - 4 potions of enlightenment
 n - 3 potions of lignification
 o - 7 potions of mutation
 x - 10 potions of curing {@q1}
 J - a potion of resistance
 L - 2 potions of cancellation
 N - 6 potions of might
 O - 7 potions of heal wounds {@q2}
 P - 2 potions of berserk rage {!q}
Miscellaneous
 d - a phantom mirror
 A - a box of beasts
 M - a condenser vane (inert)

Dungeon Overview and Level Annotations

Branches:
Dungeon (15/15)            Temple (1/1) D:4            Lair (5/5) D:9
  Swamp (4/4) Lair:3        Snake (4/4) Lair:3        Slime (1/5) Lair:5
    Orc (2/2) D:9             Elf (0/3) Orc:2        Vaults (0/5) D:13
 Depths (2/4) D:15          IceCv (visited)         Gauntlet (visited)

Altars:
Ashenzari
Cheibriados
Dithmenos
Elyvilon
Fedhas
Gozag
Hepliaklqana
Kikubaaqudgha
Makhleb
Nemelex Xobeh
Okawaru
Qazlal
Ru
Sif Muna
Trog
Uskayaw
Vehumet
Wu Jian
Xom
Yredelemnul
Zin
The Shining One
Jiyva

Shops:
D:9 :   D:13 !   Orc:2 [[:!   Snake:3 :!?:?

Portals:
Hell: Depths:1
Abyss: Swamp:2
Ziggurat: Depths:2

Annotations:
D:5 digvault
Lair:5 exclusion: downstairs
Orc:1 digvault gold
Depths:1 1 runed translucent door, exclusions: door and downstairs

▒▒▒▒ ▒▒▒..#
▒▒....#####
▒▒▒▒▒..☼......#.
[W.....<<.......
W.)....@.......#
......V...######
#######i..#
#....# #..#..#
.$###..#
.##.##).#
##.∩.##$.


You could see a vampire knight (fast), a spriggan rider and 2 phantasmal
warriors.


Message History

Your battlesphere fires!
The barrage of energy hits the vampire knight!
The vampire knight is severely damaged.
The vampire knight points at you and mumbles some strange words.
You suddenly lose the ability to move!
The vampire knight hits you with a +2 great sword!!
The vampire knight bites you but does no damage.
A spriggan rider comes into view. It is wielding a +2 heavy spear.
You hear a grinding noise.
The vampire knight hits you but does no damage.
The vampire knight bites you but does no damage.
The vampire knight draws life force from you!!
The vampire knight is healed by the life force!
A phantasmal warrior comes into view.
The vampire knight hits you with a +2 great sword.
The vampire knight bites you.
* * * LOW HITPOINT WARNING * * *
The vampire knight draws strength from your injuries!
A phantasmal warrior comes into view.
The vampire knight hits you with a +2 great sword!!!
* * * LOW HITPOINT WARNING * * *
The vampire knight bites you!
* * * LOW HITPOINT WARNING * * *
The vampire knight draws strength from your injuries!
The spriggan rider hits you from afar with a +2 heavy spear.
* * * LOW HITPOINT WARNING * * *
You hear a shout! x2
Your battlesphere wavers and loses cohesion.
The vampire knight hits you with a +2 great sword!!
You die...

Skill      XL: |  1  2  3  4  5  6  7  8  9 10 11 12 13 14 15 16 17 18 19 |
---------------+----------------------------------------------------------+-----
Air Magic      | 5 6 7 8 9 10 11 13 15 16 21 | 21.8
Ice Magic      | 1 2 3 4 6 9 11 12 | 12.0
Hexes          | 1 2 3 4 7 8 |  8.0
Dodging        | 4 7 9 14 15 16 | 16.0
Spellcasting   | 3 4 6 9 10 11 12 | 12.0
Fighting       | 3 6 9 10 11 13 16 | 16.0
Conjurations   | 4 9 |  9.0
Stealth        | 6 7 |  7.0
Evocations     | 3 4 |  4.0
Armour         | 4 6 |  6.0
Fire Magic     | 6 |  6.0
Shields        | 5 |  5.0

Action                     |  1- 3 |  4- 6 |  7- 9 | 10-12 | 13-15 | 16-18 | 19-21 || total
---------------------------+-------+-------+-------+-------+-------+-------+-------++-------
  Melee: Unarmed           |     3 |       |     2 |    17 |       |       |       ||    22
         Kick              |     3 |       |     1 |    12 |    15 |     3 |       ||    34
         Peck              |       |       |       |     8 |    12 |     2 |       ||    22
         Punch             |       |       |       |     1 |       |       |       ||     1
         Dagger            |       |       |       |    21 |    23 |       |       ||    44
         Staff             |       |       |       |       |     3 |    10 |     2 ||    15
   Cast: Shock             |    83 |    69 |   115 |    31 |       |       |       ||   298
         Static Discharge  |       |     5 |    14 |    11 |    38 |     8 |     1 ||    77
         Ensorcelled Hiber |       |     2 |     5 |    12 |     8 |     2 |       ||    29
         Airstrike         |       |       |    64 |   151 |   395 |   112 |    54 ||   776
         Freezing Cloud    |       |       |       |    56 |   125 |    61 |    27 ||   269
         Swiftness         |       |       |       |     3 |     7 |    18 |     3 ||    31
         Plasma Beam       |       |       |       |       |    90 |   349 |   131 ||   570
         Poisonous Vapours |       |       |       |       |    14 |       |       ||    14
         Hailstorm         |       |       |       |       |     3 |       |       ||     3
         Conjure Ball Ligh |       |       |       |       |       |     7 |       ||     7
         Maxwell's Capacit |       |       |       |       |       |       |     1 ||     1
  Evoke: Wand              |       |       |       |     8 |    13 |     6 |       ||    27
         Box of beasts     |       |       |       |       |       |     2 |       ||     2
         Phantom mirror    |       |       |       |       |       |       |     1 ||     1
         Condenser vane    |       |       |       |       |       |       |     1 ||     1
    Use: Scroll            |       |     4 |     4 |     5 |    14 |     8 |     1 ||    36
         Potion            |       |       |       |       |     3 |     3 |       ||     6
   Stab: Sleeping          |       |       |     1 |     1 |     2 |       |       ||     4
         Paralysed         |       |       |       |     1 |       |       |       ||     1
 Armour: Robe              |     2 |     3 |     4 |     4 |     3 |       |       ||    16
         Leather armour    |       |       |       |       |     9 |    27 |     8 ||    44
  Dodge: Dodged            |    10 |    19 |    39 |   105 |   130 |   161 |    30 ||   494
  Block: Buckler           |       |       |       |       |    15 |       |       ||    15

Levels and vault maps discovered:
D:1:      amcnicky_arrival_single_pillar, layout_basic
D:2:      layout_loops_ring, serial_park_tiny_1, nicolae_hexahallways
D:3:      layout_rooms, mainiacjoe_overflow_catwalk_spiral, serial_bayou_pond_a,
          uniq_sigmund
D:4:      layout_basic, minmay_temple_entry_trees
D:5:      layout_basic, lightli_corner_chamber
D:6:      layout_basic, minmay_misc_feat_x
D:7:      layout_rooms, uniq_joseph
D:8:      layout_loops_corners
D:9:      layout_roguey, kennysheep_mini_moat, mainiacjoe_overflow_paths,
          due_lair_maze_entry_diamond, orc_0_dummy, serial_shops,
          nicolae_take_the_stairs, uniq_pikel
D:10:     layout_cave_pools
D:11:     layout_irregular_city, nicolae_dithmenos_through_a_glass_darkly
D:12:     layout_big_octagon, corexii_corridor_pit
D:13:     layout_cave_pods, hellmonk_vaults_order_and_chaos, serial_shops, shop,
          gauntlet_entry_generic, minivault_16,
          yredelemnul_forgotten_temple_becter
D:14:     kennysheep_funnel, layout_loops_corners, lemuel_crystal_altar
D:15:     hangedman_depths_entry_try_elsewhere_first, layout_long_grid,
          solitary_fountain, minivault_27
Temple:   nicolae_temple_no_exploring_needed
Lair:1:   layout_loops_ring, infiniplex_staircase_pool
Lair:2:   layout_layer_cave, lemuel_fruit_fields, serial_bayou_shore_a,
          lemuel_fruit_tree, grunt_megastairs_1
Lair:3:   layout_chaotic_city, skrybe_swamp_entry_bodies,
          minmay_snake_entry_guardpost_small
Lair:4:   layout_misc_corridors, portal_ice_cave_entry_imps
Lair:5:   guppyfry_lair_end_dragon, layout_regular_city,
          hangedman_lair_tendril_chambers, slime_entry_1, nicolae_lair_lil_pond,
          minivault_26
Swamp:1:  layout_falls_marsh, serial_swamp_ruin, hangedman_swamp_ruin_hall,
          evilmike_swamp_ruin_rubble_1, uniq_frances, uniq_louise
Swamp:2:  layout_basic_swamp, gammafunk_ghost_abyssal_escape,
          evilmike_swamp_ruin_rubble_2
Swamp:3:  layout_basic_swamp, nicolae_swamp_trees_clearing, swamp_pool1,
          uniq_kirke, uniq_jorgrun
Swamp:4:  byrel_swamp_growth_death_and_undeath, layout_basic_swamp, swamp_pool1,
          nicolae_swamp_snake_nest
Snake:1:  layout_honeycomb
Snake:2:  layout_gridlike, uniq_nikola, uniq_vashnia
Snake:3:  layout_cave_town, nicolae_shop_i_like_big_books,
          nicolae_snake_salamander_jacuzzi, minmay_shoptagon, uniq_donald
Snake:4:  grunt_snake_rune_spirals, layout_onion, basic_altar
Slime:1:  layout_caves
Orc:1:    layout_caves, serial_shops, lemuel_statue_altar, mines5_lemuel
Orc:2:    st_orc_town, layout_caves
Depths:1: layout_long_grid, nicolae_concentric_dashed_squares_mild,
          pf_vacation_house_of_asmodeus, special_room [special_room_morgue],
          lightli_gold_pyramid
Depths:2: gammafunk_its_a_trap, layout_twisted_cross, enter_ziggurat_c,
          grunt_pan_entry_zigzag, hell_entry, cheibriados_altar_1,
          uniq_bai_suzhen

Notes
Turn   | Place    | Note
-------+----------+-------------------------------------------
     0 | D:1      | quinnr the Tengu Air Elementalist began the quest for the
                  | Orb.
     0 | D:1      | Reached XP level 1. HP: 10/10 MP: 4/4
   252 | D:1      | Reached XP level 2. HP: 15/15 MP: 4/6
   350 | D:1      | Reached skill level 5 in Air Magic
   643 | D:1      | Reached XP level 3. HP: 16/19 MP: 0/7
  1356 | D:2      | Found the ring of the Mage {Wiz Archmagi}
  1425 | D:2      | Reached skill level 6 in Air Magic
  1582 | D:2      | Learned a level 2 spell: Static Discharge
  1747 | D:3      | Reached XP level 4. HP: 24/24 MP: 6/8
  2309 | D:3      | Found a basalt altar of Yredelemnul.
  2456 | D:3      | Noticed a phantom
  2491 | D:3      | Killed a phantom
  2492 | D:3      | Reached skill level 7 in Air Magic
  2492 | D:3      | Gained mutation: Your magical nature lets you fly swiftly
                  | and evasively. [Tengu growth]
  2492 | D:3      | Reached XP level 5. HP: 13/28 MP: 5/9
  2702 | D:3      | Learned a level 2 spell: Ensorcelled Hibernation
  2721 | D:3      | Noticed Sigmund
  2814 | D:3      | Found a blossoming altar of Fedhas.
  3203 | D:4      | Reached skill level 8 in Air Magic
  3204 | D:4      | Reached skill level 1 in Ice Magic
  3300 | D:4      | Noticed an ogre
  3411 | D:4      | Killed an ogre
  3412 | D:4      | Reached skill level 1 in Hexes
  3412 | D:4      | Reached XP level 6. HP: 32/32 MP: 8/10
  3440 | D:4      | Reached skill level 2 in Ice Magic
  3568 | D:4      | Found a staircase to the Ecumenical Temple.
  3579 | Temple   | Entered the Ecumenical Temple
  3589 | Temple   | Became a worshipper of Vehumet
  3854 | D:5      | Entered Level 5 of the Dungeon
  3908 | D:5      | Reached skill level 2 in Hexes
  3908 | D:5      | Reached XP level 7. HP: 36/36 MP: 3/11
  4278 | D:5      | Reached skill level 9 in Air Magic
  4490 | D:5      | Noticed a two-headed ogre
  4490 | D:5      | Noticed a two-headed ogre
  4680 | D:5      | Learned a level 4 spell: Airstrike
  5124 | D:6      | Reached skill level 3 in Ice Magic
  5504 | D:6      | Reached * piety under Vehumet
  5504 | D:6      | Offered knowledge of Magic Dart by Vehumet.
  5518 | D:6      | Reached XP level 8. HP: 41/41 MP: 2/12
  5633 | D:6      | Reached skill level 3 in Dodging
  5864 | D:6      | Reached skill level 3 in Hexes
  6098 | D:6      | Reached skill level 3 in Spellcasting
  6359 | D:6      | Reached skill level 4 in Dodging
  6359 | D:6      | Reached skill level 4 in Ice Magic
  6458 | D:6      | Reached skill level 10 in Air Magic
  6948 | D:7      | Reached XP level 9. HP: 45/45 MP: 3/14
  7096 | D:6      | Reached skill level 5 in Dodging
  7188 | D:6      | Reached skill level 4 in Hexes
  7445 | D:7      | Reached ** piety under Vehumet
  7446 | D:7      | Reached skill level 11 in Air Magic
  7513 | D:7      | Offered knowledge of Poisonous Vapours by Vehumet.
  7517 | D:7      | Learned a level 2 spell: Poisonous Vapours
  7640 | D:7      | Reached skill level 6 in Dodging
  7728 | D:7      | Noticed Joseph
  7914 | D:6      | Reached skill level 1 in Fighting
  8230 | D:7      | Reached skill level 2 in Fighting
  8462 | D:7      | Reached skill level 3 in Fighting
  8462 | D:7      | Reached skill level 7 in Dodging
  9108 | D:8      | Reached skill level 4 in Spellcasting
  9108 | D:8      | Reached XP level 10. HP: 45/56 MP: 5/17
  9204 | D:8      | Noticed a two-headed ogre
  9207 | D:8      | Killed a two-headed ogre
  9208 | D:8      | Reached skill level 4 in Fighting
  9470 | D:8      | Reached skill level 8 in Dodging
  9503 | D:8      | Reached skill level 5 in Spellcasting
  9736 | D:8      | Noticed a two-headed ogre
  9738 | D:8      | Killed a two-headed ogre
  9739 | D:8      | Reached skill level 9 in Dodging
 10054 | D:9      | Reached skill level 5 in Fighting
 10204 | D:10     | Entered Level 10 of the Dungeon
 10316 | D:9      | Learned a level 5 spell: Freezing Cloud
 10319 | D:9      | Found a burning altar of Makhleb.
 10351 | D:9      | Reached skill level 2 in Conjurations
 10564 | D:9      | Found a staircase to the Lair.
 10566 | D:9      | Offered knowledge of Inner Flame by Vehumet.
 10567 | D:9      | Reached skill level 3 in Conjurations
 10569 | D:9      | Reached skill level 6 in Fighting
 10569 | D:9      | Reached skill level 4 in Conjurations
 10569 | D:9      | Reached *** piety under Vehumet
 10632 | D:9      | Reached skill level 6 in Spellcasting
 10756 | D:9      | Found Seplocob's Book Boutique.
 10785 | D:9      | Found a staircase to the Orcish Mines.
 10799 | D:9      | Found a bloodstained altar of Trog.
 10809 | D:9      | Reached XP level 11. HP: 56/64 MP: 4/21
 11107 | D:9      | Noticed Pikel
 11147 | D:9      | Killed Pikel
 11148 | D:9      | Reached skill level 3 in Stealth
 11387 | D:9      | Reached skill level 4 in Stealth
 11675 | D:10     | Reached skill level 12 in Air Magic
 11788 | D:9      | Learned a level 3 spell: Swiftness
 11792 | D:10     | Noticed a two-headed ogre
 11797 | D:10     | Killed a two-headed ogre
 11798 | D:10     | Reached skill level 5 in Ice Magic
 11941 | D:10     | Identified the ring "Lej Qus" {rPois Int+4 Dex+6 Stlth+}
 11944 | D:10     | Offered knowledge of Volatile Blastmotes by Vehumet.
 12283 | D:10     | Reached skill level 5 in Stealth
 13363 | D:11     | Noticed a manticore
 13562 | D:11     | Reached skill level 6 in Stealth
 13566 | D:11     | Reached skill level 6 in Ice Magic
 13566 | D:11     | Reached skill level 13 in Air Magic
 13710 | D:11     | Reached **** piety under Vehumet
 14064 | D:11     | Killed a manticore
 14065 | D:11     | Reached XP level 12. HP: 70/70 MP: 5/23
 14177 | D:11     | Reached skill level 7 in Spellcasting
 14269 | D:11     | Found a shadowy altar of Dithmenos.
 14282 | D:11     | Noticed a two-headed ogre
 14290 | D:11     | Killed a two-headed ogre
 14375 | D:11     | Reached skill level 7 in Stealth
 14793 | D:11     | Noticed a two-headed ogre
 14798 | D:11     | Killed a two-headed ogre
 14799 | D:11     | Reached skill level 7 in Ice Magic
 15064 | D:11     | Found a shadowy altar of Dithmenos.
 15443 | D:7      | Killed Joseph
 15620 | D:7      | Got the Catalogue of Shapeshifting
 16124 | D:3      | Found a blossoming altar of Fedhas.
 16127 | D:3      | Found a basalt altar of Yredelemnul.
 16153 | D:3      | Killed Sigmund
 16348 | Lair:1   | Entered Level 1 of the Lair of Beasts
 16407 | Lair:1   | Offered knowledge of Iskenderun's Battlesphere by Vehumet.
 16408 | Lair:1   | Reached skill level 8 in Spellcasting
 17041 | Lair:1   | Reached skill level 8 in Ice Magic
 17356 | Lair:1   | Reached skill level 1 in Evocations
 17720 | Lair:1   | Reached skill level 9 in Spellcasting
 17869 | Lair:2   | Noticed a catoblepas
 17911 | Lair:1   | Killed a catoblepas
 17912 | Lair:1   | Reached skill level 2 in Evocations
 18256 | Lair:2   | Reached skill level 9 in Ice Magic
 18256 | Lair:2   | Reached skill level 3 in Evocations
 18256 | Lair:2   | Reached XP level 13. HP: 74/74 MP: 17/27
 18262 | Lair:2   | Reached skill level 4 in Evocations
 18269 | Lair:2   | Learned a level 6 spell: Plasma Beam
 18403 | Lair:2   | Reached skill level 1 in Armour
 18403 | Lair:2   | Reached skill level 1 in Fire Magic
 18574 | Lair:2   | Reached skill level 2 in Armour
 18574 | Lair:2   | Reached skill level 2 in Fire Magic
 18650 | Lair:2   | Reached skill level 3 in Armour
 18650 | Lair:2   | Reached skill level 3 in Fire Magic
 19612 | Lair:2   | Reached skill level 4 in Armour
 19769 | Lair:3   | Reached skill level 4 in Fire Magic
 20207 | Lair:3   | Found a staircase to the Snake Pit.
 20216 | Lair:3   | Reached skill level 5 in Fire Magic
 20358 | Lair:3   | Reached skill level 6 in Fire Magic
 20358 | Lair:3   | Reached skill level 14 in Air Magic
 20359 | Lair:3   | Reached ***** piety under Vehumet
 20360 | Lair:3   | Offered knowledge of Fireball by Vehumet.
 20586 | Lair:3   | Found a staircase to the Swamp.
 20728 | Lair:3   | Identified a potion of resistance
 20731 | Lair:3   | Reached skill level 15 in Air Magic
 21335 | Lair:4   | Found a frozen archway.
 21354 | IceCv    | Entered an ice cave
 22267 | IceCv    | Reached skill level 10 in Spellcasting
 22506 | IceCv    | Reached XP level 14. HP: 80/80 MP: 23/29
 22887 | IceCv    | Reached skill level 11 in Spellcasting
 23267 | IceCv    | Identified the +2 leather armour of the Wasteland {rCorr
                  | Str+4}
 23450 | IceCv    | Offered knowledge of Sticky Flame by Vehumet.
 23451 | IceCv    | Noticed a frost giant
 23454 | IceCv    | Killed a frost giant
 23455 | IceCv    | Reached skill level 7 in Fighting
 23560 | IceCv    | Identified the +10 shadow dragon scales of the Gusle {Will+
                  | Stlth++++}
 24229 | Lair:4   | Reached skill level 1 in Shields
 24938 | Lair:5   | Entered Level 5 of the Lair of Beasts
 24958 | Lair:5   | Reached skill level 2 in Shields
 25005 | Lair:5   | Reached skill level 8 in Fighting
 25183 | Lair:5   | Reached skill level 3 in Shields
 25658 | Lair:5   | Reached skill level 4 in Shields
 26169 | Lair:5   | Reached skill level 9 in Fighting
 26170 | Lair:5   | Found a staircase to the Slime Pits.
 26170 | Lair:5   | Found a viscous altar of Jiyva.
 26223 | Lair:5   | Reached skill level 5 in Shields
 26867 | Lair:5   | Reached skill level 10 in Ice Magic
 27448 | Lair:5   | Offered knowledge of Leda's Unmaking by Vehumet.
 27449 | Lair:5   | Reached skill level 11 in Ice Magic
 28037 | D:9      | Learned a level 3 spell: Hailstorm
 28040 | Orc:1    | Entered Level 1 of the Orcish Mines
 28053 | Orc:1    | Reached XP level 15. HP: 79/90 MP: 2/31
 28187 | D:9      | Reached skill level 12 in Ice Magic
 28642 | Orc:1    | Reached skill level 5 in Conjurations
 28935 | Orc:2    | Entered Level 2 of the Orcish Mines
 29325 | Orc:2    | Reached skill level 6 in Conjurations
 29739 | Orc:2    | Reached skill level 7 in Conjurations
 29940 | Orc:1    | Offered knowledge of Arcjolt by Vehumet.
 30464 | Orc:2    | Reached skill level 8 in Conjurations
 31040 | Orc:2    | Found a staircase to the Elven Halls.
 31428 | Orc:2    | Reached skill level 9 in Conjurations
 32207 | Orc:2    | Found Kitiggikh's Book Shoppe.
 32207 | Orc:2    | Found Caog's Distillery.
 32221 | Orc:2    | Bought a potion of heal wounds for 75 gold pieces
 32359 | Orc:2    | Found Fitop's Armour Shoppe.
 32359 | Orc:2    | Found Ukkuz's Antique Armour Boutique.
 32363 | Orc:2    | Bought a +2 cloak of preservation for 258 gold pieces
 32376 | Orc:2    | Bought the sphere of Battle for 960 gold pieces
 32376 | Orc:2    | Found the sphere of Battle
 32426 | Orc:2    | Bought Maxwell's Memoranda for 532 gold pieces
 32435 | Orc:2    | Learned a level 8 spell: Maxwell's Capacitive Coupling
 32475 | Orc:2    | Bought a pair of glowing gloves for 135 gold pieces
 33039 | Snake:1  | Entered Level 1 of the Snake Pit
 33204 | Snake:1  | Reached skill level 10 in Fighting
 34055 | Snake:1  | Reached skill level 5 in Hexes
 34165 | Snake:2  | Noticed Vashnia
 34523 | Snake:2  | Noticed Nikola
 34613 | Swamp:1  | Entered Level 1 of the Swamp
 34755 | Swamp:1  | Reached skill level 6 in Hexes
 35075 | Swamp:1  | Noticed Louise
 35473 | Swamp:2  | Reached skill level 7 in Hexes
 35605 | Swamp:1  | Noticed Frances
 35609 | Swamp:1  | Killed Frances
 35715 | Swamp:1  | Killed Louise
 35937 | Swamp:2  | Found a transporter.
 35940 | Swamp:2  | Found a transporter.
 35942 | Swamp:2  | Identified the +0 falchion of Wyrd {drain, Int+3}
 35955 | Swamp:2  | Found a one-way gate to the infinite horrors of the Abyss.
 35957 | Swamp:2  | Noticed a fenstrider witch
 35958 | Swamp:2  | Reached XP level 16. HP: 97/97 MP: 19/32
 35958 | Swamp:2  | Paralysed by a fenstrider witch for 3 turns
 36185 | Swamp:2  | Paralysed by a fenstrider witch for 4 turns
 36190 | Swamp:2  | Killed a fenstrider witch
 36191 | Swamp:2  | Reached skill level 8 in Hexes
 36257 | Swamp:2  | Noticed epsilonplus's ghost (adept TrFi)
 36541 | Swamp:2  | Reached skill level 10 in Dodging
 37005 | Swamp:3  | Noticed Jorgrun
 37037 | Swamp:3  | Killed Jorgrun
 37099 | Swamp:3  | Noticed Kirke
 37104 | Swamp:3  | Killed Kirke
 37106 | Swamp:3  | Reached skill level 11 in Dodging
 37735 | Swamp:3  | Identified the +0 scale mail of Fedhas's Generosity {Fly
                  | rPois rF++ Str-3}
 37846 | Swamp:3  | Reached ****** piety under Vehumet
 38202 | Swamp:4  | Entered Level 4 of the Swamp
 38257 | Swamp:4  | Reached skill level 12 in Dodging
 38392 | Swamp:4  | Noticed a tentacled monstrosity
 38724 | Swamp:4  | Offered knowledge of Orb of Destruction by Vehumet.
 38942 | Swamp:4  | Reached skill level 13 in Dodging
 40056 | Swamp:4  | Reached skill level 14 in Dodging
 40209 | Swamp:4  | Killed a tentacled monstrosity
 40217 | Swamp:4  | Reached skill level 11 in Fighting
 40322 | Swamp:4  | Reached XP level 17. HP: 104/104 MP: 21/33
 40831 | Swamp:4  | Offered knowledge of Ozocubu's Refrigeration by Vehumet.
 40983 | Swamp:4  | Reached skill level 12 in Fighting
 41295 | Swamp:4  | Found a blossoming altar of Fedhas.
 41469 | Swamp:4  | Got a decaying rune of Zot
 41489 | Swamp:4  | Found a basalt altar of Yredelemnul.
 41864 | Swamp:2  | Reached skill level 13 in Fighting
 41928 | Swamp:2  | Killed epsilonplus's ghost
 42092 | Swamp:2  | Identified the staff "Rodusage" {rElec Stlth+ Air}
 42528 | Snake:2  | Killed Nikola
 42650 | Snake:2  | Killed Vashnia
 42998 | Snake:2  | Reached skill level 12 in Spellcasting
 43374 | Snake:3  | Noticed Donald
 43829 | Snake:3  | Found Oqar's Magic Scroll Boutique.
 43829 | Snake:3  | Found Jeaf's Distillery.
 43830 | Snake:3  | Found Hobles's Magic Scroll Shop.
 43832 | Snake:3  | Found Mynogoli's Book Boutique.
 43844 | Snake:3  | Bought a potion of heal wounds for 70 gold pieces
 43844 | Snake:3  | Bought a potion of heal wounds for 70 gold pieces
 43904 | Snake:3  | Killed Donald
 44953 | Snake:3  | Found Nogodgha's Tremendous Tomes.
 44998 | Snake:4  | Entered Level 4 of the Snake Pit
 45033 | Snake:3  | Offered knowledge of Conjure Ball Lightning by Vehumet.
 45034 | Snake:3  | Reached skill level 16 in Air Magic
 45519 | Snake:3  | Reached skill level 15 in Dodging
 45667 | Snake:4  | Reached XP level 18. HP: 114/114 MP: 29/35
 46185 | Snake:4  | Reached skill level 17 in Air Magic
 46710 | Snake:4  | Reached skill level 18 in Air Magic
 46879 | Snake:4  | Found a glowing golden altar of the Shining One.
 46891 | Snake:4  | Identified the +5 great sword "Bagir" {venom, Fly rN+}
 47183 | Snake:4  | Learned a level 6 spell: Conjure Ball Lightning
 47619 | Snake:4  | Reached skill level 19 in Air Magic
 48461 | Snake:4  | Reached skill level 20 in Air Magic
 49113 | Snake:4  | Got a serpentine rune of Zot
 49432 | Slime:1  | Entered Level 1 of the Pits of Slime
 50388 | D:12     | You are sucked into a shaft and drop 3 floors!
 50388 | D:15     | Entered Level 15 of the Dungeon
 51196 | D:13     | Found Teth's Distillery.
 51376 | D:13     | Found a gate to the Vaults.
 51412 | D:13     | Found a gate leading to a gauntlet.
 51428 | Gauntlet | Entered a Gauntlet
 51428 | Gauntlet | Found a transporter.
 51428 | Gauntlet | Found a transporter.
 51428 | Gauntlet | Found a transporter.
 51487 | Gauntlet | Found a transporter.
 51490 | Gauntlet | Found a transporter.
 51499 | Gauntlet | Found a transporter.
 51501 | Gauntlet | Found a transporter.
 51510 | Gauntlet | Found a transporter.
 51527 | Gauntlet | Found a transporter.
 51547 | Gauntlet | Found a transporter.
 51550 | Gauntlet | Found a transporter.
 51560 | Gauntlet | Found a transporter.
 51588 | Gauntlet | Offered knowledge of Fire Storm by Vehumet.
 51588 | Gauntlet | Offered knowledge of Chain Lightning by Vehumet.
 51588 | Gauntlet | Offered knowledge of Polar Vortex by Vehumet.
 52010 | Gauntlet | Reached skill level 21 in Air Magic
 52242 | Gauntlet | Identified the ring of Oskojag {rN+ Int+6}
 52279 | Gauntlet | Reached XP level 19. HP: 120/120 MP: 24/36
 52344 | Gauntlet | Found the +4 robe of Folly {Brill Will-∞ Int+8}
 52358 | Gauntlet | Identified the +4 rapier of Moderation {pain, rPois}
 53222 | D:13     | Found a basalt altar of Yredelemnul.
 54349 | D:14     | Found a glowing silver altar of Zin.
 54689 | D:15     | Reached skill level 14 in Fighting
 54689 | D:15     | Reached skill level 16 in Dodging
 55163 | D:15     | Found a staircase to the Depths.
 55812 | Depths:1 | Entered Level 1 of the Depths
 56028 | Depths:1 | Reached skill level 15 in Fighting
 56208 | Depths:1 | Found a gateway to Hell.
 56276 | Depths:1 | Found a runed translucent door.
 56283 | Depths:1 | Noticed a caustic shrike
 57171 | Depths:1 | Reached skill level 16 in Fighting
 57292 | Depths:1 | Noticed a dread lich
 57542 | Depths:1 | Killed a dread lich
 57543 | Depths:1 | Reached skill level 5 in Armour
 57640 | Depths:1 | Reached skill level 6 in Armour
 58352 | Depths:1 | Got the Meditations on Nightshade
 58579 | Depths:2 | Noticed Bai Suzhen
 58737 | Depths:1 | Killed Bai Suzhen
 58818 | Depths:2 | Found a one-way gateway to a ziggurat.
 58834 | Depths:2 | Reached XP level 20. HP: 131/131 MP: 18/37
 58834 | Depths:2 | Paralysed by a vampire knight for 5 turns
 58837 | Depths:2 | HP: 12/131 [spriggan rider/+2 heavy spear (4)]
 58838 | Depths:2 | Demolished by a vampire knight

Vanquished Creatures
  A dread lich (Depths:1)
  Vashnia (Snake:2)
  Bai Suzhen (Depths:1)
  Nikola (Snake:2)
  A tentacled monstrosity (Swamp:4)
  Jorgrun (Swamp:3)
  Frances (Swamp:1)
  The ghost of epsilonplus the Brawler, an adept TrFi of Cheibriados (Swamp:2)
  4 thorn hunters (Swamp:4)
  Kirke (Swamp:3)
  Donald (Snake:3)
  13 nagarajas
  4 shadow dragons (Depths:1)
  A fire giant (Depths:1)
  A fenstrider witch (Swamp:2)
  Louise (Swamp:1)
  3 frost giants
  5 ghouls
  A cacodemon (Swamp:2)
  5 vampire knights
  2 eleionomae
  A minotaur (Gauntlet)
  A dire elephant (D:15)
  5 spark wasps (Depths:1)
  2 deep elf death magi (Depths:1)
  2 ettins
  A great orb of eyes (Swamp:2)
  3 fire dragons
  2 jiangshi (Depths:1)
  An entropy weaver (D:13)
  2 ice dragons
  A salamander tyrant (Snake:4)
  A shambling mangrove (Swamp:4)
  A rakshasa (Depths:1)
  A vault guard (D:13)
  8 hydras
  12 anacondas
  8 centaur warriors
  A ghost crab (Swamp:4)
  A death knight (D:14)
  2 boulder beetles
  6 two-headed ogres
  A catoblepas (Lair:1)
  12 alligators
  11 death yaks
  A two-headed ogre (shapeshifter) (D:15)
  2 tengu warriors
  A hell hog (Gauntlet)
  12 naga sharpshooters
  A thrashing horror (Swamp:2)
  19 naga warriors
  4 vampire magi (Depths:1)
  A spriggan berserker (Depths:2)
  A shock serpent (shapeshifter) (D:14)
  A soul eater (Depths:1)
  9 shock serpents
  5 skeletal warriors (Depths:1)
  2 salamander mystics
  A wretched star (Swamp:2)
  A sea snake (shapeshifter) (D:15)
  A flayed ghost (Swamp:4)
  A goliath frog (Swamp:3)
  9 spriggan druids
  A golden dragon zombie (Depths:1)
  A glowing orange brain (Swamp:2)
  7 naga ritualists
  A wizard (D:15)
  An orange crystal statue (D:13)
  3 spectral hydras (Swamp:4)
  10 bog bodies
  6 swamp dragons
  4 necromancers
  11 orc knights
  Pikel (D:9)
  2 wolf spiders
  6 mana vipers
  A deep elf pyromancer (D:11)
  3 oklob plants (Swamp:4)
  An orc sorcerer (Orc:2)
  2 will-o-the-wisps
  26 ugly things
  3 cyclopes
  A manticore (D:11)
  2 frost giant skeletons (Depths:1)
  8 salamanders
  29 black mambas
  7 elephants
  An ice statue (IceCv)
  12 naga magi
  14 cane toads
  2 torpor snails
  Joseph (D:7)
  11 guardian serpents
  A gargoyle (D:12)
  3 rime drakes
  A kobold demonologist (D:12)
  4 freezing wraiths
  9 komodo dragons
  3 tengu conjurers
  2 hydra zombies (Swamp:4)
  A merfolk (shapeshifter) (Swamp:2)
  12 trolls
  6 meliai (D:13)
  3 bloated husks
  17 hornets
  15 polar bears
  A raiju (Swamp:2)
  A death drake zombie (Swamp:4)
  2 hydra skeletons (Swamp:4)
  5 tyrant leeches
  27 blink frogs
  16 slime creatures
  A water elemental (D:12)
  12 spriggans
  A spriggan skeleton (Depths:1)
  A shadow (D:12)
  Sigmund (D:3)
  A wraith (D:10)
  12 wyverns
  71 yaks
  2 fire bats (Gauntlet)
  3 basilisks
  3 vampire mosquitoes (Swamp:4)
  11 wargs
  A redback (Lair:5)
  6 steam dragons
  17 swamp worms
  5 acid dragons
  34 nagas
  27 water moccasins
  2 hell hounds (Gauntlet)
  3 hydra simulacra (Swamp:4)
  An ice beast (D:7)
  7 swamp drakes
  43 orc warriors
  2 black bears
  3 swamp dragon zombies (Swamp:4)
  7 ogres
  A swamp dragon skeleton (Swamp:4)
  25 wolves
  12 centaurs
  3 lemures (D:9)
  3 phantoms
  3 kobold brigands
  22 bullfrogs
  4 gnoll sergeants
  3 scorpions
  A necrophage (Swamp:4)
  8 wights
  7 killer bees
  3 electric eels
  4 jellies
  3 hounds
  A gnoll bouda (D:6)
  14 orc priests
  6 iguanas
  23 orc wizards
  7 hell rats (Lair:3)
  19 gnolls
  7 adders
  3 shadow imps
  16 white imps
  4 worms
  3 dart slugs
  74 orcs
  6 ball pythons
  7 bats
  7 endoplasms
  4 giant cockroaches
  5 goblins
  6 hobgoblins
  2 jackals
  18 kobolds
  3 quokkas
  A frilled lizard (D:1)
  3 rats
  A spectral orc (D:13)
1134 creatures vanquished.

Vanquished Creatures (collateral kills)
  A fire giant (Depths:1)
  3 ball lightnings (Snake:4)
4 creatures vanquished.

Vanquished Creatures (others)
  A bloated husk (Swamp:4)
  5 humans (Swamp:3)
  12 ball lightnings
  3 foxfires (Swamp:3)
21 creatures vanquished.

Grand Total: 1159 creatures vanquished

Table legend: (Time is in decaauts)
 A = Elapsed time spent in this place.
 B = Non-inter-level travel time spent in this place.
 C = Inter-level travel time spent in this place.
 D = Time resting spent in this place.
 E = Time spent auto-exploring this place.
 F = Levels seen in this place.
 G = Mean time per level.
                   A        B        C        D        E       F      G
               +--------+--------+--------+--------+--------+-----+--------+
         Total |  56629 |  53170 |   3459 |  14240 |  31249 |  36 | 1573.0 |
       Dungeon |  22182 |  21079 |   1103 |   4322 |  13884 |  15 | 1478.8 |
        Temple |     15 |      9 |      6 |      0 |      0 |   1 |   15.0 |
          Lair |   9187 |   8591 |    596 |   1578 |   5889 |   5 | 1837.4 |
         Swamp |   7291 |   6752 |    539 |   3007 |   2703 |   4 | 1822.8 |
     Snake Pit |   8069 |   7299 |    770 |   2102 |   4202 |   4 | 2017.2 |
    Slime Pits |      5 |      5 |      0 |      0 |      0 |   1 |    5.0 |
  Orcish Mines |   4449 |   4219 |    230 |   1265 |   2310 |   2 | 2224.5 |
        Depths |   1808 |   1597 |    211 |    231 |   1042 |   2 |  904.0 |
      Ice Cave |   2690 |   2690 |      0 |   1131 |   1137 |   1 | 2690.0 |
      Gauntlet |    928 |    928 |      0 |    601 |     79 |   1 |  928.0 |
               +--------+--------+--------+--------+--------+-----+--------+

Top non-repeatable levels by time:
 Snake:4: 3252 daAuts
  Lair:5: 2715 daAuts
   IceCv: 2690 daAuts
   Orc:2: 2546 daAuts
 Swamp:3: 2447 daAuts
     D:9: 2445 daAuts
     D:6: 2426 daAuts
    D:15: 2362 daAuts
    D:11: 2299 daAuts
 Snake:3: 2157 daAuts
  Lair:2: 2138 daAuts
   Orc:1: 1903 daAuts
Depths:1: 1778 daAuts
 Swamp:1: 1692 daAuts
 Swamp:2: 1587 daAuts

Table legend:
 A = Non-vault XP
 B = Vault XP
 C = Vault XP percentage of total XP
 D = Non-vault monster count
 E = Vault monster count
 F = Vault count percentage of total count
                 A         B        C        D         E       F
            +---------+---------+-------+---------+---------+-------
      Total |  237136 |  162947 |  40.7 |     771 |     362 |  32.0
            +---------+---------+-------+---------+---------+-------
        D:1 |      42 |       0 |   0.0 |      21 |       0 |   0.0
        D:2 |      50 |       0 |   0.0 |      17 |       0 |   0.0
        D:3 |     126 |     214 |  62.9 |      11 |       1 |   8.3
        D:4 |     326 |       0 |   0.0 |      10 |       0 |   0.0
        D:5 |     419 |       0 |   0.0 |      20 |       0 |   0.0
        D:6 |    1618 |       0 |   0.0 |      34 |       0 |   0.0
        D:7 |    1541 |     423 |  21.5 |      26 |       1 |   3.7
        D:8 |    2968 |      90 |   2.9 |      21 |       1 |   4.5
        D:9 |    3854 |    1668 |  30.2 |      30 |      10 |  25.0
       D:10 |    3895 |       0 |   0.0 |      23 |       0 |   0.0
       D:11 |    6787 |       0 |   0.0 |      24 |       0 |   0.0
       D:12 |    3811 |       0 |   0.0 |      17 |       0 |   0.0
       D:13 |    5738 |    2448 |  29.9 |      16 |       4 |  20.0
       D:14 |   14205 |       0 |   0.0 |      31 |       0 |   0.0
       D:15 |   14523 |    2301 |  13.7 |      32 |       4 |  11.1
     Lair:1 |    7925 |       0 |   0.0 |      32 |       0 |   0.0
     Lair:2 |    5176 |    1709 |  24.8 |      24 |       7 |  22.6
     Lair:3 |   10324 |    2054 |  16.6 |      30 |       6 |  16.7
     Lair:4 |    2165 |     122 |   5.3 |       9 |      12 |  57.1
     Lair:5 |    7573 |   13004 |  63.2 |      26 |      47 |  64.4
    Swamp:1 |   11379 |    2743 |  19.4 |      25 |       2 |   7.4
    Swamp:2 |   12444 |    7605 |  37.9 |      24 |      10 |  29.4
    Swamp:3 |   11566 |    3227 |  21.8 |      24 |       2 |   7.7
    Swamp:4 |   17490 |   25879 |  59.7 |      28 |      47 |  62.7
    Snake:1 |    6562 |       0 |   0.0 |      12 |       0 |   0.0
    Snake:2 |    5397 |    7505 |  58.2 |       9 |       5 |  35.7
    Snake:3 |   15839 |    5058 |  24.2 |      29 |       8 |  21.6
    Snake:4 |   30214 |   31934 |  51.4 |      58 |      40 |  40.8
    Slime:1 |     236 |       0 |   0.0 |       1 |       0 |   0.0
      Orc:1 |    2433 |    1251 |  34.0 |      39 |       9 |  18.8
      Orc:2 |    4555 |    7748 |  63.0 |      39 |      57 |  59.4
   Depths:1 |   20857 |   26433 |  55.9 |      24 |      24 |  50.0
   Depths:2 |    5098 |       0 |   0.0 |       5 |       0 |   0.0
      IceCv |       0 |   13726 | 100.0 |       0 |      50 | 100.0
   Gauntlet |       0 |    5805 | 100.0 |       0 |      15 | 100.0
            +---------+---------+-------+---------+---------+-------

Levels and vault maps discovered:
D:1:      amcnicky_arrival_single_pillar, layout_basic
D:2:      layout_loops_ring, serial_park_tiny_1, nicolae_hexahallways
D:3:      layout_rooms, mainiacjoe_overflow_catwalk_spiral, serial_bayou_pond_a,
          uniq_sigmund
D:4:      layout_basic, minmay_temple_entry_trees
D:5:      layout_basic, lightli_corner_chamber
D:6:      layout_basic, minmay_misc_feat_x
D:7:      layout_rooms, uniq_joseph
D:8:      layout_loops_corners
D:9:      layout_roguey, kennysheep_mini_moat, mainiacjoe_overflow_paths,
          due_lair_maze_entry_diamond, orc_0_dummy, serial_shops,
          nicolae_take_the_stairs, uniq_pikel
D:10:     layout_cave_pools
D:11:     layout_irregular_city, nicolae_dithmenos_through_a_glass_darkly
D:12:     layout_big_octagon, corexii_corridor_pit
D:13:     layout_cave_pods, hellmonk_vaults_order_and_chaos, serial_shops, shop,
          gauntlet_entry_generic, minivault_16,
          yredelemnul_forgotten_temple_becter
D:14:     kennysheep_funnel, layout_loops_corners, lemuel_crystal_altar
D:15:     hangedman_depths_entry_try_elsewhere_first, layout_long_grid,
          solitary_fountain, minivault_27
Temple:   nicolae_temple_no_exploring_needed
Lair:1:   layout_loops_ring, infiniplex_staircase_pool
Lair:2:   layout_layer_cave, lemuel_fruit_fields, serial_bayou_shore_a,
          lemuel_fruit_tree, grunt_megastairs_1
Lair:3:   layout_chaotic_city, skrybe_swamp_entry_bodies,
          minmay_snake_entry_guardpost_small
Lair:4:   layout_misc_corridors, portal_ice_cave_entry_imps
Lair:5:   guppyfry_lair_end_dragon, layout_regular_city,
          hangedman_lair_tendril_chambers, slime_entry_1, nicolae_lair_lil_pond,
          minivault_26
Swamp:1:  layout_falls_marsh, serial_swamp_ruin, hangedman_swamp_ruin_hall,
          evilmike_swamp_ruin_rubble_1, uniq_frances, uniq_louise
Swamp:2:  layout_basic_swamp, gammafunk_ghost_abyssal_escape,
          evilmike_swamp_ruin_rubble_2
Swamp:3:  layout_basic_swamp, nicolae_swamp_trees_clearing, swamp_pool1,
          uniq_kirke, uniq_jorgrun
Swamp:4:  byrel_swamp_growth_death_and_undeath, layout_basic_swamp, swamp_pool1,
          nicolae_swamp_snake_nest
Snake:1:  layout_honeycomb
Snake:2:  layout_gridlike, uniq_nikola, uniq_vashnia
Snake:3:  layout_cave_town, nicolae_shop_i_like_big_books,
          nicolae_snake_salamander_jacuzzi, minmay_shoptagon, uniq_donald
Snake:4:  grunt_snake_rune_spirals, layout_onion, basic_altar
Slime:1:  layout_caves
Orc:1:    layout_caves, serial_shops, lemuel_statue_altar, mines5_lemuel
Orc:2:    st_orc_town, layout_caves
Depths:1: layout_long_grid, nicolae_concentric_dashed_squares_mild,
          pf_vacation_house_of_asmodeus, special_room [special_room_morgue],
          lightli_gold_pyramid
Depths:2: gammafunk_its_a_trap, layout_twisted_cross, enter_ziggurat_c,
          grunt_pan_entry_zigzag, hell_entry, cheibriados_altar_1,
          uniq_bai_suzhen
